 Dungeon Crawl Stone Soup version bcrawl-1.27.6 (webtiles) character file.

Game seed: 1350482431918985928

171265 DogServant the Insei (level 6, -6/47 HPs)
             Began as a Gnoll Transmuter on Oct 8, 2020.
             Mangled by a troll (10 damage)
             ... on level 4 of the Dungeon on Oct 9, 2020.
             The game lasted 00:05:24 (3459 turns).

DogServant the Insei (Gnoll Transmuter)             Turns: 3459, Time: 00:05:25

Health: -6/47      AC:  2    Str: 13    XL:     6   Next: 66%
Magic:  14/14      EV: 15    Int: 16    God:
Gold:   185        SH:  0    Dex: 16    Spells: 12/15 levels left

rFire    + . .     SeeInvis .     - Fists (11.3)
rCold    . . .     Gourm    .   (no shield)
rNeg     . . .     Faith    .   b - +0 robe
rPois    .         Spirit   .   (helmet currently unavailable)
rElec    .         Reflect  .   (no cloak)
rCorr    .         Harm     .   (no gloves)
MR       .....                  (no boots)
Stlth    ++........             (no amulet)
HPRegen  0.15/turn              j - ring of protection from fire
MPRegen  0.14/turn              (no ring)

@: appendage (expiring)
A: distributed training, fangs 1, horns 3, strong nose
a: End Transformation


You were on level 4 of the Dungeon.
You were hungry.
You had grown temporary horns.
You visited 1 branch of the dungeon, and saw 4 of its levels.

You collected 185 gold pieces.

Inventory:

Missiles
 a - 409 arrows
 q - 136 javelins (quivered)
Armour
 b - a +0 robe (worn)
 c - a +0 helmet
 v - a +0 buckler
Jewellery
 j - a ring of protection from fire (left hand)
 s - a +3 ring of evasion {unknown}
Wands
 o - a wand of iceblast (6)
Scrolls
 f - a scroll of fear {unknown}
 g - 2 scrolls of amnesia {unknown}
 h - 3 scrolls of teleportation {unknown}
 k - 2 scrolls of enchant weapon {unknown}
 m - a scroll of remove curse {unknown}
 n - a scroll of enchant armour {unknown}
 p - 2 scrolls of identify
 u - a scroll of magic mapping {unknown}
Potions
 d - 2 potions of might {unknown}
 i - 6 potions of curing {unknown}
 l - a potion of haste {unknown}
 r - 2 potions of heal wounds {unknown}
 t - a potion of lignification
Comestibles
 e - 9 rations {!d}


   Skills:
 + Level 3.3 Fighting
 + Level 2.0 Short Blades
 + Level 2.0 Long Blades
 + Level 2.0 Axes
 + Level 2.0 Maces & Flails
 + Level 2.0 Polearms
 + Level 2.0 Staves
 + Level 2.0 Slings
 + Level 2.0 Bows
 + Level 2.0 Crossbows
 + Level 2.0 Throwing
 + Level 2.0 Armour
 + Level 5.0 Dodging
 + Level 2.0 Stealth
 + Level 2.0 Shields
 + Level 6.8 Unarmed Combat
 + Level 5.4 Spellcasting
 + Level 1.6 Conjurations
 + Level 1.6 Hexes
 + Level 1.6 Charms
 + Level 1.6 Summonings
 + Level 1.6 Necromancy
 + Level 1.6 Translocations
 + Level 4.1 Transmutations
 + Level 1.6 Fire Magic
 + Level 1.6 Ice Magic
 + Level 1.6 Air Magic
 + Level 1.6 Earth Magic
 + Level 1.6 Poison Magic
 + Level 2.2 Invocations
 + Level 2.0 Evocations


You had 12 spell levels left.
You knew the following spells:

 Your Spells              Type           Power        Failure   Level  Hunger
a - Beastly Appendage     Tmut           ###...       2%          1    None
b - Sticks to Snakes      Tmut           ###.....     4%          2    None

Your spell library contained the following spells:

 Spells                   Type           Power        Failure   Level  Hunger
 Passwall                 Tmut/Erth      ##......     7%          2    None
 Spider Form              Tmut/Pois      ##.          14%         3    ##.....
 Ice Form                 Ice/Tmut       ##......     41%         4    ####...
 Blade Hands              Tmut           ###.......   58%         5    ######.


Dungeon Overview and Level Annotations

Branches:
Dungeon (4/12)
 Temple: D:4-7

Altars:


Innate Abilities, Weirdness & Mutations

Your experience applies equally to all skills.
You have very sharp teeth.
Your uncanny sense of smell can sniff out nearby items.
You have a pair of large horns on your head.


Message History

The troll is heavily wounded.
You closely miss the troll. You bite the troll, but do no damage.
The troll is moderately wounded.
You hit the troll but do no damage.
The troll is moderately wounded.
The troll bites you! The troll claws you. The troll barely misses you.
You punch the troll!
The troll is heavily wounded.
The troll bites you. The troll closely misses you. The troll claws you.
You hit the troll but do no damage. You headbutt the troll!
The troll is severely wounded.
The troll closely misses you. The troll completely misses you.
The troll claws you!
You hit the troll. Your bite misses the troll.
The troll is severely wounded.
Your transformation is almost over.
The troll bites you. The troll claws you!
* * * LOW HITPOINT WARNING * * *
The troll claws you!
You die...

#.. .#.#.#.. .>. #.#
##.#...# ∆.#.
#..∆##..... #.
#..##.....#### #.
#............ ##(
#..........# ##..
#........[# ###)..
#.....T...## ###......
#....@.....###........
#.................####
#...........<....###
#................... #
#........#.#....###...
##########..........#
#.....#......# ∆
#.#..##......#
......##......#


You could see a troll.

Vanquished Creatures
  A howler monkey (D:4)
  An orc priest (D:3)
  Ijyb (D:4)
  Terence (D:2)
  A worker ant (D:4)
  Natasha (D:4)
  Robin (D:2)
  4 adders
  A worm (D:2)
  3 dart slugs
  5 leopard geckos
  10 orcs
  4 bats
  2 giant cockroaches (D:1)
  15 goblins
  8 hobgoblins
  5 jackals (D:2)
  11 kobolds
  2 ball pythons (D:2)
  A frilled lizard (D:2)
  2 rats
80 creatures vanquished.

Vanquished Creatures (collateral kills)
  An orc priest (D:4)
  A worker ant (D:4)
  2 orcs (D:4)
4 creatures vanquished.

Vanquished Creatures (others)
  A goblin (D:2)
1 creature vanquished.

Grand Total: 85 creatures vanquished

Notes
Turn   | Place    | Note
-------+----------+-------------------------------------------
     0 | D:1      | DogServant the Gnoll Transmuter began the quest for the
                  | Orb.
     0 | D:1      | Reached XP level 1. HP: 17/17 MP: 6/6
   234 | D:1      | Reached XP level 2. HP: 23/23 MP: 7/7
   553 | D:1      | Reached XP level 3. HP: 26/28 MP: 9/9
   564 | D:1      | Reached skill level 5 in Spellcasting
  1279 | D:2      | Reached skill level 1 in Invocations
  1448 | D:2      | Noticed Robin
  1471 | D:2      | Reached skill level 1 in Short Blades
  1471 | D:2      | Reached skill level 1 in Long Blades
  1471 | D:2      | Reached skill level 1 in Axes
  1471 | D:2      | Reached skill level 1 in Maces & Flails
  1471 | D:2      | Reached skill level 1 in Polearms
  1471 | D:2      | Reached skill level 1 in Staves
  1471 | D:2      | Reached skill level 1 in Slings
  1471 | D:2      | Reached skill level 1 in Bows
  1471 | D:2      | Reached skill level 1 in Crossbows
  1471 | D:2      | Reached skill level 1 in Throwing
  1471 | D:2      | Reached skill level 1 in Armour
  1471 | D:2      | Reached skill level 1 in Stealth
  1471 | D:2      | Reached skill level 1 in Shields
  1471 | D:2      | Reached skill level 1 in Evocations
  1477 | D:2      | Killed Robin
  1477 | D:2      | Reached XP level 4. HP: 20/34 MP: 11/11
  1957 | D:2      | Reached skill level 1 in Conjurations
  1957 | D:2      | Reached skill level 1 in Hexes
  1957 | D:2      | Reached skill level 1 in Charms
  1957 | D:2      | Reached skill level 1 in Summonings
  1957 | D:2      | Reached skill level 1 in Necromancy
  1957 | D:2      | Reached skill level 1 in Translocations
  1957 | D:2      | Reached skill level 1 in Fire Magic
  1957 | D:2      | Reached skill level 1 in Ice Magic
  1957 | D:2      | Reached skill level 1 in Air Magic
  1957 | D:2      | Reached skill level 1 in Earth Magic
  1957 | D:2      | Reached skill level 1 in Poison Magic
  1975 | D:2      | Noticed Terence
  1988 | D:2      | Killed Terence
  1988 | D:2      | Reached XP level 5. HP: 24/40 MP: 10/12
  3222 | D:4      | Noticed Ijyb
  3228 | D:4      | Reached XP level 6. HP: 31/47 MP: 11/13
  3241 | D:4      | Killed Ijyb
  3269 | D:4      | Learned a level 2 spell: Sticks to Snakes
  3276 | D:4      | Reached skill level 5 in Dodging
  3388 | D:4      | Noticed a troll
  3425 | D:4      | Noticed Natasha
  3431 | D:4      | Killed Natasha
  3459 | D:4      | Mangled by a troll

Skill      XL: |  1  2  3  4  5  6 |
---------------+-------------------+-----
Spellcasting   | 5 |  5.4
Invocations    | 1 2 |  2.2
Short Blades   | 1 2 |  2.0
Long Blades    | 1 2 |  2.0
Axes           | 1 2 |  2.0
Maces & Flails | 1 2 |  2.0
Polearms       | 1 2 |  2.0
Staves         | 1 2 |  2.0
Slings         | 1 2 |  2.0
Bows           | 1 2 |  2.0
Crossbows      | 1 2 |  2.0
Throwing       | 1 2 |  2.0
Armour         | 1 2 |  2.0
Stealth        | 1 2 |  2.0
Shields        | 1 2 |  2.0
Evocations     | 1 2 |  2.0
Conjurations   | 1 |  1.6
Hexes          | 1 |  1.6
Charms         | 1 |  1.6
Summonings     | 1 |  1.6
Necromancy     | 1 |  1.6
Translocations | 1 |  1.6
Fire Magic     | 1 |  1.6
Ice Magic      | 1 |  1.6
Air Magic      | 1 |  1.6
Earth Magic    | 1 |  1.6
Poison Magic   | 1 |  1.6
Fighting       | 3 |  3.3
Transmutations | 4 |  4.1
Dodging        | 5 |  5.0
Unarmed Combat | |  6.8

Action                   |  1- 3 |  4- 6 || total
-------------------------+-------+-------++-------
Melee: Unarmed           |   105 |   115 ||   220
       Punch             |     4 |     1 ||     5
       Bite              |     7 |    13 ||    20
       Headbutt          |     1 |     6 ||     7
       Kick              |     6 |    19 ||    25
 Cast: Beastly Appendage |     8 |    14 ||    22
       Sticks to Snakes  |       |     1 ||     1
Evoke: Wand              |       |     7 ||     7
  Use: Potion            |     1 |       ||     1
 Stab: Sleeping          |     2 |     1 ||     3
  Eat: Chunk             |     3 |     8 ||    11
Armor: Robe              |     7 |     7 ||    14
       Skin              |     5 |     2 ||     7
Dodge: Dodged            |    56 |    66 ||   122
